PL
VANCOUVER GREY WOLVES @ NEW ORLEANS VOODOO
08/21/2038
 
TOP OF THE 1ST
Vancouver Grey Wolves batting - Pitching for New Orleans Voodoo : RHP Sy-ing Tah
Pitching: RHP Sy-ing Tah
Batting: RHB Urs van Munster 0-0: Called Strike
0-1: Ball
1-1: Ball
2-1: SINGLE (Groundball, 56, EV 114.4 MPH) (infield hit)
Batting: LHB Johan Kroening 0-0: Ball
Wild Pitch!
Urs van Munster to second
1-0: Ball
2-0: Called Strike
2-1: Ball
3-1: Foul Ball, location: 2F
3-2: Fly out, F9 (Flyball, 9S, EV 93.8 MPH)
Batting: RHB Richard Jost 0-0: Ball
1-0: Fly out, F8 (Flyball, 89S, EV 89.4 MPH)
Batting: LHB José Román 0-0: Ball
Wild Pitch!
Urs van Munster to third
1-0: Ball
2-0: Called Strike
2-1: Ground out 2-3 (Groundball, 2L, EV 73.8 MPH)
Top of the 1st over - 0 runs, 1 hit, 0 errors, 1 left on base; Vancouver 0 - New Orleans 0
BOTTOM OF THE 1ST
New Orleans Voodoo batting - Pitching for Vancouver Grey Wolves : RHP Sjoerd Reynoud
Pitching: RHP Sjoerd Reynoud
Batting: LHB Alexis Raimbault 0-0: Fly out, F8 (Flyball, 8LM, EV 90.0 MPH)
Batting: RHB Tae-cho Han 0-0: Called Strike
0-1: Foul Ball, location: 2F
0-2: Ball
1-2: Ball
2-2: Ball
3-2: Foul Ball, location: 2F
3-2: DOUBLE (Line Drive, 9LD, EV 106.2 MPH)
Batting: LHB Jorge Alejándrez 0-0: Ball
1-0: Foul Ball, location: 2F
1-1: Ball
2-1: Ball
3-1: Base on Balls
Batting: RHB Colm Goodwill 0-0: Ball
1-0: Called Strike
1-1: Foul Ball, location: 2F
1-2: SINGLE (Groundball, 15S, EV 76.2 MPH) (infield hit)
Tae-cho Han to third
Jorge Alejándrez to second
Batting: LHB Weston Doyle 0-0: Called Strike
0-1: Ball
1-1: Called Strike
1-2: Fly out, F7 (Flyball, 78M, EV 86.2 MPH)
Runner from 3rd tags up, SCORES, throw by LF
Jorge Alejándrez to third
Batting: RHB Petri Kallio 0-0: Ball
1-0: Fly out, F8 (Flyball, 8RD, EV 92.5 MPH)
Bottom of the 1st over - 1 run, 2 hits, 0 errors, 2 left on base; Vancouver 0 - New Orleans 1
TOP OF THE 2ND
Vancouver Grey Wolves batting - Pitching for New Orleans Voodoo : RHP Sy-ing Tah
Batting: RHB José de la Cavallería 0-0: Ball
1-0: Ball
2-0: Foul Ball, location: 2F
2-1: Fly out, F8 (Line Drive, 8RD, EV 90.6 MPH)
Batting: LHB Gene Ricks 0-0: Fly out, F9 (Flyball, 89S, EV 87.5 MPH)
Batting: RHB Ángelo Delgado 0-0: Ball
1-0: Fly out, F8 (Flyball, 89S, EV 88.8 MPH)
Top of the 2nd over - 0 runs, 0 hits, 0 errors, 0 left on base; Vancouver 0 - New Orleans 1
BOTTOM OF THE 2ND
New Orleans Voodoo batting - Pitching for Vancouver Grey Wolves : RHP Sjoerd Reynoud
Batting: LHB Luis García 0-0: Ball
1-0: Foul Ball, location: 2F
1-1: Ball
2-1: Ball
3-1: Fly out, F7 (Flyball, 78M, EV 93.8 MPH)
Batting: RHB Gilberto Juárez 0-0: Called Strike
0-1: Ground out 4-3 (Groundball, 34, EV 108.8 MPH)
Batting: RHB John Clark 0-0: Ball
1-0: Foul Ball, location: 2F
1-1: DOUBLE (Groundball, 5L, EV 110.6 MPH)
Batting: LHB Alexis Raimbault 0-0: Fly out, F8 (Flyball, 78XD, EV 97.5 MPH)
Bottom of the 2nd over - 0 runs, 1 hit, 0 errors, 1 left on base; Vancouver 0 - New Orleans 1
TOP OF THE 3RD
Vancouver Grey Wolves batting - Pitching for New Orleans Voodoo : RHP Sy-ing Tah
Batting: RHB Juanito González 0-0: Foul Ball, location: 2F
0-1: Foul Ball, location: 2F
0-2: Ground out 5-3 (Groundball, 56, EV 88.1 MPH)
Batting: LHB Manoo Satyavrat 0-0: Called Strike
0-1: Swinging Strike
0-2: Foul Ball, location: 2F
0-2: SINGLE (Flyball, 9LS, EV 88.8 MPH)
Batting: RHB Urs van Munster 0-0: Ball
1-0: Foul Ball, location: 2F
1-1: Fielders Choice at 2nd, 6-4 (Groundball, 6, EV 101.2 MPH)
Batting: LHB Johan Kroening 0-0: Called Strike
Urs van Munster steals 2nd base (no throw)
0-1: Ball
1-1: Ball
2-1: Fly out, F3 (Popup, 3, EV 80.0 MPH)
Top of the 3rd over - 0 runs, 1 hit, 0 errors, 1 left on base; Vancouver 0 - New Orleans 1
BOTTOM OF THE 3RD
New Orleans Voodoo batting - Pitching for Vancouver Grey Wolves : RHP Sjoerd Reynoud
Batting: RHB Tae-cho Han 0-0: Ground out 5-3 (Groundball, 56, EV 78.1 MPH)
Batting: LHB Jorge Alejándrez 0-0: Ball
1-0: Fly out, F9 (Flyball, 9D, EV 87.5 MPH)
Batting: RHB Colm Goodwill 0-0: Foul Ball, location: 2F
0-1: Foul Ball, location: 2F
0-2: Foul Ball, location: 2F
0-2: Foul Ball, location: 2F
0-2: Ground out 5-3 (Groundball, 5, EV 106.9 MPH)
Bottom of the 3rd over - 0 runs, 0 hits, 0 errors, 0 left on base; Vancouver 0 - New Orleans 1
TOP OF THE 4TH
Vancouver Grey Wolves batting - Pitching for New Orleans Voodoo : RHP Sy-ing Tah
Batting: RHB Richard Jost 0-0: Called Strike
0-1: Ball
1-1: Ball
2-1: SINGLE (Flyball, 89S, EV 98.8 MPH)
Batting: LHB José Román 0-0: Foul Ball, location: 2F
0-1: Ball
1-1: Foul Ball, location: 2F
1-2: Fielders Choice at 2nd, 6-4 (Groundball, 6M, EV 106.2 MPH)
Batting: RHB José de la Cavallería 0-0: Grounds into double play, 6-4-3 (Groundball, 6, EV 90.6 MPH)
Top of the 4th over - 0 runs, 1 hit, 0 errors, 0 left on base; Vancouver 0 - New Orleans 1
BOTTOM OF THE 4TH
New Orleans Voodoo batting - Pitching for Vancouver Grey Wolves : RHP Sjoerd Reynoud
Batting: LHB Weston Doyle 0-0: Foul Ball, location: 2F
0-1: Foul Ball, location: 2F
0-2: Foul Ball, location: 2F
0-2: Foul Ball, location: 2F
0-2: Ball
1-2: Strikes out swinging
Batting: RHB Petri Kallio 0-0: Ball
1-0: SINGLE (Groundball, 6MD, EV 103.8 MPH)
Batting: LHB Luis García 0-0: SINGLE (Groundball, 34S, EV 77.5 MPH) (infield hit)
Petri Kallio to second
Batting: RHB Gilberto Juárez 0-0: Called Strike
0-1: Swinging Strike
0-2: Ball
1-2: Ball
Wild Pitch!
Petri Kallio to third
Luis García to second
2-2: Fly out, F9 (Flyball, 9S, EV 90.0 MPH)
Batting: RHB John Clark 0-0: Swinging Strike
0-1: Ground out U3 (Groundball, 3, EV 103.8 MPH)
Bottom of the 4th over - 0 runs, 2 hits, 0 errors, 2 left on base; Vancouver 0 - New Orleans 1
TOP OF THE 5TH
Vancouver Grey Wolves batting - Pitching for New Orleans Voodoo : RHP Sy-ing Tah
Batting: LHB Gene Ricks 0-0: Called Strike
0-1: Ground out 6-3 (Groundball, 6, EV 103.1 MPH)
Batting: RHB Ángelo Delgado 0-0: Ball
1-0: Ball
2-0: Ball
3-0: Base on Balls
Batting: RHB Juanito González 0-0: Ball
1-0: Fly out, F9 (Line Drive, 9, EV 108.8 MPH)
Batting: LHB Manoo Satyavrat 0-0: Called Strike
0-1: Ball
1-1: Called Strike
1-2: Ground out 4-3 (Groundball, 4, EV 79.4 MPH)
Top of the 5th over - 0 runs, 0 hits, 0 errors, 1 left on base; Vancouver 0 - New Orleans 1
BOTTOM OF THE 5TH
New Orleans Voodoo batting - Pitching for Vancouver Grey Wolves : RHP Sjoerd Reynoud
Batting: LHB Alexis Raimbault 0-0: Ball
1-0: Foul Ball, location: 2F
1-1: Ball
2-1: Ground out 4-3 (Groundball, 34D, EV 105.6 MPH)
Batting: RHB Tae-cho Han 0-0: Ball
1-0: Called Strike
1-1: Fly out, F4 (Popup, 4S, EV 76.9 MPH)
Batting: LHB Jorge Alejándrez 0-0: Swinging Strike
0-1: Called Strike
0-2: Ball
1-2: Ball
2-2: Fly out, F6 (Line Drive, 6, EV 70.6 MPH)
Bottom of the 5th over - 0 runs, 0 hits, 0 errors, 0 left on base; Vancouver 0 - New Orleans 1
TOP OF THE 6TH
Vancouver Grey Wolves batting - Pitching for New Orleans Voodoo : RHP Sy-ing Tah
Batting: RHB Urs van Munster 0-0: Ball
1-0: Ball
2-0: Called Strike
2-1: Fly out, F9 (Flyball, 9LS, EV 78.1 MPH)
Batting: LHB Johan Kroening 0-0: Ball
1-0: Ball
2-0: Foul Ball, location: 2F
2-1: Foul Ball, location: 2F
2-2: Ground out 4-3 (Groundball, 4, EV 86.2 MPH)
Batting: RHB Richard Jost 0-0: SOLO HOME RUN (Flyball, 78XD, EV 96.9 MPH), Distance : 425 ft
Batting: LHB José Román 0-0: Called Strike
0-1: Ground out 4-3 (Groundball, 4, EV 80.0 MPH)
Top of the 6th over - 1 run, 1 hit, 0 errors, 0 left on base; Vancouver 1 - New Orleans 1
BOTTOM OF THE 6TH
New Orleans Voodoo batting - Pitching for Vancouver Grey Wolves : RHP Sjoerd Reynoud
Batting: RHB Colm Goodwill 0-0: Ball
1-0: Called Strike
1-1: Ball
2-1: Ground out 5-3 (Groundball, 56S, EV 81.2 MPH)
Batting: LHB Weston Doyle 0-0: Fly out, F8 (Flyball, 8LXD, EV 91.9 MPH)
Batting: RHB Petri Kallio 0-0: Ball
1-0: Ball
2-0: Swinging Strike
2-1: Foul Ball, location: 2F
2-2: Foul Ball, location: 2F
2-2: Strikes out swinging
Bottom of the 6th over - 0 runs, 0 hits, 0 errors, 0 left on base; Vancouver 1 - New Orleans 1
TOP OF THE 7TH
Vancouver Grey Wolves batting - Pitching for New Orleans Voodoo : RHP Sy-ing Tah
Batting: RHB José de la Cavallería 0-0: Ball
1-0: Ball
2-0: Ground out 6-3 (Groundball, 6, EV 101.9 MPH)
Batting: LHB Gene Ricks 0-0: Ball
1-0: Fly out, F5 (Line Drive, 5, EV 71.9 MPH)
Batting: RHB Ángelo Delgado 0-0: Ball
1-0: Ball
2-0: Ball
3-0: Base on Balls
Batting: RHB Juanito González 0-0: Ball
1-0: Ball
2-0: Called Strike
2-1: Foul Ball, location: 2F
2-2: TRIPLE (Flyball, 89XD, EV 110.0 MPH)
Ángelo Delgado scores
Batting: LHB Manoo Satyavrat 0-0: Fly out, F8 (Flyball, 8RD, EV 82.5 MPH)
Top of the 7th over - 1 run, 1 hit, 0 errors, 1 left on base; Vancouver 2 - New Orleans 1
BOTTOM OF THE 7TH
New Orleans Voodoo batting - Pitching for Vancouver Grey Wolves : RHP Sjoerd Reynoud
Batting: LHB Luis García 0-0: Ball
1-0: Ball
2-0: Ground out 4-3 (Groundball, 34, EV 106.9 MPH)
Batting: RHB Gilberto Juárez 0-0: Ball
1-0: Fly out, F3 (Popup, 23F, EV 93.1 MPH)
Batting: RHB John Clark 0-0: Fly out, F6 (Popup, 4MD, EV 52.5 MPH)
Bottom of the 7th over - 0 runs, 0 hits, 0 errors, 0 left on base; Vancouver 2 - New Orleans 1
TOP OF THE 8TH
Vancouver Grey Wolves batting - Pitching for New Orleans Voodoo : RHP Sy-ing Tah
Batting: RHB Urs van Munster 0-0: Ball
1-0: Called Strike
1-1: Ground out 4-3 (Groundball, 4, EV 86.9 MPH)
Batting: LHB Johan Kroening 0-0: Foul Ball, location: 2F
0-1: Called Strike
0-2: SINGLE (Groundball, 6MD, EV 97.5 MPH)
Pitching: RHP Wu-ti Xuan
Batting: RHB Richard Jost 0-0: Ball
1-0: Foul Ball, location: 2F
1-1: Swinging Strike
1-2: Strikes out swinging
Batting: LHB José Román 0-0: Fielders Choice at 2nd, 6-4 (Groundball, 6, EV 90.6 MPH)
Top of the 8th over - 0 runs, 1 hit, 0 errors, 1 left on base; Vancouver 2 - New Orleans 1
BOTTOM OF THE 8TH
New Orleans Voodoo batting - Pitching for Vancouver Grey Wolves : RHP Sjoerd Reynoud
Pitching: LHP Sjaak Bonne
Batting: LHB Alexis Raimbault 0-0: Ball
1-0: Ball
2-0: SINGLE (Groundball, 13, EV 75.6 MPH) (infield hit)
Batting: RHB Tae-cho Han 0-0: Ball
1-0: Ball
2-0: Fly out, F8 (Flyball, 8LM, EV 88.1 MPH)
Batting: LHB Jorge Alejándrez 0-0: Ball
1-0: Foul Ball, location: 2F
1-1: Foul Ball, location: 2F
1-2: Ball
2-2: Ball
3-2: Foul Ball, location: 2F
3-2: Ground out 4-3 (Groundball, 4S, EV 88.1 MPH)
Alexis Raimbault to second
Batting: RHB Colm Goodwill 0-0: Ball
1-0: Fly out, F7 (Line Drive, 7, EV 86.2 MPH)
Bottom of the 8th over - 0 runs, 1 hit, 0 errors, 1 left on base; Vancouver 2 - New Orleans 1
TOP OF THE 9TH
Vancouver Grey Wolves batting - Pitching for New Orleans Voodoo : RHP Wu-ti Xuan
Batting: RHB José de la Cavallería 0-0: SINGLE (Groundball, 6D, EV 103.1 MPH)
Batting: LHB Gene Ricks 0-0: Called Strike
0-1: Foul Ball, location: 2F
0-2: Ball
1-2: Foul Ball, location: 2F
1-2: Strikes out swinging
Batting: RHB Ángelo Delgado 0-0: Foul Ball, location: 2F
0-1: Called Strike
0-2: Ball
1-2: Ball
2-2: Foul Ball, location: 2F
2-2: Ball
3-2: Base on Balls
José de la Cavallería to second
Batting: RHB Juanito González 0-0: Swinging Strike
0-1: Fly out, F7 (Flyball, 78M, EV 90.0 MPH)
Batting: LHB Manoo Satyavrat 0-0: Called Strike
0-1: Fly out, F3 (Popup, 3SF, EV 75.0 MPH)
Top of the 9th over - 0 runs, 1 hit, 0 errors, 2 left on base; Vancouver 2 - New Orleans 1
BOTTOM OF THE 9TH
New Orleans Voodoo batting - Pitching for Vancouver Grey Wolves : LHP Sjaak Bonne
Batting: LHB Weston Doyle 0-0: Ground out 6-3 (Groundball, 4M, EV 102.5 MPH)
Batting: RHB Petri Kallio 0-0: TRIPLE (Line Drive, 89XD, EV 103.8 MPH)
Pinch Hitting: RHB Tim Burney 0-0: Ball
1-0: Ball
2-0: Called Strike
2-1: Ball
3-1: Foul Ball, location: 2F
3-2: Fly out, F9 (Flyball, 9LS, EV 88.8 MPH)
Runner from 3rd tags up, SCORES, throw by RF
Batting: RHB Gilberto Juárez 0-0: Ball
1-0: Ball
2-0: Foul Ball, location: 2F
2-1: Called Strike
2-2: Ball
3-2: Base on Balls
Pitching: RHP Ángel Rosas
Batting: RHB John Clark 0-0: Ball
1-0: Called Strike
Gilberto Juárez steals 2nd base
1-1: Ground out 6-3 (Groundball, 6, EV 91.2 MPH)
Bottom of the 9th over - 1 run, 1 hit, 0 errors, 1 left on base; Vancouver 2 - New Orleans 2
TOP OF THE 10TH
Vancouver Grey Wolves batting - Pitching for New Orleans Voodoo : RHP Wu-ti Xuan
Pitching: RHP Grover Lowdermilk
Now at 3B: Shimei Miura
Batting: RHB Urs van Munster 0-0: Ball
1-0: Ball
2-0: Hit by Pitch
Batting: LHB Johan Kroening 0-0: Ball
Urs van Munster is caught stealing 2nd base 2-6
1-0: Ball
2-0: Ground out 4-3 (Groundball, 4, EV 102.5 MPH)
Batting: RHB Richard Jost 0-0: Ball
1-0: Swinging Strike
1-1: Swinging Strike
1-2: Strikes out swinging
Top of the 10th over - 0 runs, 0 hits, 0 errors, 0 left on base; Vancouver 2 - New Orleans 2
BOTTOM OF THE 10TH
New Orleans Voodoo batting - Pitching for Vancouver Grey Wolves : RHP Ángel Rosas
Batting: LHB Alexis Raimbault 0-0: Ball
1-0: Fly out, F5 (Line Drive, 5, EV 65.6 MPH)
Batting: RHB Tae-cho Han 0-0: Foul Ball, location: 2F
0-1: Ball
1-1: Ground out 5-3 (Groundball, 56S, EV 83.8 MPH)
Batting: LHB Jorge Alejándrez 0-0: Ball
1-0: Foul Ball, location: 2F
1-1: Ball
2-1: Ball
3-1: Called Strike
3-2: Foul Ball, location: 2F
3-2: DOUBLE (Line Drive, 9LD, EV 102.5 MPH)
Batting: RHB Colm Goodwill 0-0: Ball
1-0: Swinging Strike
1-1: Foul Ball, location: 2F
1-2: Fly out, F9 (Line Drive, 9, EV 87.5 MPH)
Bottom of the 10th over - 0 runs, 1 hit, 0 errors, 1 left on base; Vancouver 2 - New Orleans 2
TOP OF THE 11TH
Vancouver Grey Wolves batting - Pitching for New Orleans Voodoo : RHP Grover Lowdermilk
Batting: LHB José Román 0-0: Called Strike
0-1: SOLO HOME RUN (Flyball, 9D, EV 89.4 MPH), Distance : 357 ft
Batting: RHB José de la Cavallería 0-0: Called Strike
0-1: Hit by Pitch
Batting: LHB Gene Ricks 0-0: Called Strike
0-1: Ball
1-1: Fielders Choice at 2nd, 4-6 (Groundball, 4, EV 102.5 MPH)
Now at SS: Ramón Garmendia
Batting: RHB Ángelo Delgado 0-0: Ball
1-0: Foul Ball, location: 2F
1-1: Called Strike
1-2: Foul Ball, location: 2F
1-2: Foul Ball, location: 2F
1-2: Foul Ball, location: 2F
1-2: Foul Ball, location: 2F
1-2: Ball
2-2: Strikes out swinging
Batting: RHB Juanito González 0-0: Foul Ball, location: 2F
0-1: Ball
1-1: Fielders Choice at 2nd, 6-4 (Groundball, 6, EV 103.1 MPH)
Top of the 11th over - 1 run, 1 hit, 0 errors, 1 left on base; Vancouver 3 - New Orleans 2
BOTTOM OF THE 11TH
New Orleans Voodoo batting - Pitching for Vancouver Grey Wolves : RHP Ángel Rosas
Batting: LHB Weston Doyle 0-0: Called Strike
0-1: Ball
1-1: Fly out, F6 (Popup, 4M, EV 58.1 MPH)
Batting: RHB Petri Kallio 0-0: Foul Ball, location: 2F
0-1: Foul Ball, location: 2F
0-2: Ground out 6-3 (Groundball, 6MS, EV 91.9 MPH)
Batting: RHB Shimei Miura 0-0: Ball
1-0: Called Strike
1-1: Foul Ball, location: 2F
1-2: Ball
2-2: Strikes out swinging
Bottom of the 11th over - 0 runs, 0 hits, 0 errors, 0 left on base; Vancouver 3 - New Orleans 2
Friday, April 17th, 2020 - OOTP Baseball 20.8 Build 74